[Event "Rapid Tournament (RAP)"]
[Site "Biel, Switzerland"]
[Date "2026.07.12"]
[Round "1.32"]
[White "Boner, Timm"]
[Black "Harish, Neeraj"]
[Result "0-1"]
[TimeControl "15 + 5"]
[WhiteTitle "-"]
[BlackTitle "-"]
[WhiteFideId "1330039"]
[BlackFideId "30958130"]
[WhiteElo "1720"]
[BlackElo "2140"]

1. e4 e5 2. Nf3 Nc6 3. Bc4 Nf6 4. Nc3 Nxe4 5. Nxe4 d5 6. Bd3 dxe4 7. Bxe4 Nb4 8. a3 f5 9. Bxf5 Bxf5 10.
axb4 e4 11. Qe2 Be7 12. Ne5 Qd5 13. f4 exf3 14. Nxf3 O-O 15. Ra5 Qd7 16. O-O Kh8 17. Kh1 Bxb4 18. Rb5 Bd6 19. Nd4 Rae8 20.
Qc4 Be6 21. Rxf8+ Rxf8 22. Nxe6 Qxe6 0-1

[Event "Rapid Tournament (RAP)"]
[Site "Biel, Switzerland"]
[Date "2026.07.12"]
[Round "1.33"]
[White "Erne, Raphael"]
[Black "Huettinger, Jonathan"]
[Result "1-0"]
[TimeControl "15 + 5"]
[WhiteTitle "-"]
[BlackTitle "-"]
[WhiteFideId "1341928"]
[BlackFideId "1366750"]
[WhiteElo "2122"]
[BlackElo "1704"]

1. c4 Nf6 2. g3 g6 3. Bg2 Bg7 4. Nc3 c6 5. Nf3 O-O 6. O-O d5 7. cxd5 cxd5 8. d4 Nc6 9. Ne5 Bf5 10.
Nxc6 bxc6 11. Bf4 Re8 12. Rc1 Nh5 13. Be3 e5 14. Na4 Qd6 15. Re1 exd4 16. Bxd4 Bxd4 17. Qxd4 Be4 18. Qc5 Qxc5 19.
Nxc5 Bxg2 20. Kxg2 Nf6 21. Rc2 Rab8 22. Rec1 Rb6 23. e3 Rc8 24. b3 Rb5 25. Na4 d4 26. exd4 Rd5 27. Rxc6 Rxc6 28.
Rxc6 Ne4 29. Rc4 Kg7 30. f3 Nd6 31.
Rc7 a5 32. Rc5 Rxd4 33. Rxa5 Rd2+ 34. Kh3 Rxa2 35. Ra6 Nf5 36. Rb6 h5 37. g4 hxg4+ 38. fxg4 Nd4 39. Nc5 Ra5 40. Ne4 Ra3 41.
Nc5 Ra5 42. b4 Ra3+ 43. Kg2 Ra2+ 44. Kg3 Ra3+ 45. Kf4 Ne2+ 46. Ke4 g5 47. Nd3 Nc3+ 48. Kd4 Na4 49. Ra6 Ra2 50. b5 Ra3 51.
b6 Rxd3+ 52. Kc4 Rd1 53. Rxa4 Rc1+ 54. Kd5 Rb1 55. Kc6 Kg6 56. Ra5 f5 57. gxf5 Kf6 58. Rb5 Ra1 59. b7 Rc1+ 60. Kb6 Rd1 61. b8=Q 1-0

[Event "Rapid Tournament (RAP)"]
[Site "Biel, Switzerland"]
[Date "2026.07.12"]
[Round "1.34"]
[White "Surdez, Patrick"]
[Black "Menzi, Jonas"]
[Result "0-1"]
[TimeControl "15 + 5"]
[WhiteTitle "-"]
[BlackTitle "-"]
[WhiteFideId "1380206"]
[BlackFideId "1345133"]
[WhiteElo "1695"]
[BlackElo "2114"]

1. e4 e5 2. Nf3 Nc6 3. Bb5 a6 4. Ba4 Nf6 5. O-O Nxe4 6. Re1 Nc5 7. Bxc6 dxc6 8. Nxe5 Be7 9. d4 Ne6 10. c3 O-O 11. Be3 f6 12. Nf3 Re8 13. Nbd2 Bf8 14. Nf1 b6 15. Ng3 Bb7 16. Qb3 Qd7 17. Rad1 Qf7 18. h3 Rad8 19. a4 a5 20. Bc1 Ng5 21. Qxf7+ Nxf7 22. Nf5 Nd6 23. N3h4 Kf7 24. Bf4 g5 25. Bxd6 cxd6 26. Rxe8 Rxe8 27. Nf3 Bc8 28. Ne3 d5 29. Kf1 h5 30. g4 Re4 31. gxh5 Bxh3+ 32. Ke2 Bg4 33. Rg1 Bxh5 34. Rg3 Bd6 35. Rh3 Bg4 36. Rh7+ Kg6 0-1

[Event "Rapid Tournament (RAP)"]
[Site "Biel, Switzerland"]
[Date "2026.07.12"]
[Round "1.35"]
[White "El-Mais, Ibaa"]
[Black "Ghosh, David"]
[Result "1-0"]
[TimeControl "15 + 5"]
[WhiteTitle "-"]
[BlackTitle "-"]
[WhiteFideId "1312715"]
[BlackFideId "1366718"]
[WhiteElo "2100"]
[BlackElo "1685"]

1. d4 d5 2. c4 c6 3. Nf3 Bf5 4. Nc3 dxc4 5. e4 Bg6 6. a4 Nf6 7. e5 Nd5 8. e6 Nb4 9. exf7+ Bxf7 10.
Ne5 Nd3+ 11. Bxd3 cxd3 12. Nxf7 Kxf7 13. Qf3+ Kg8 14. Qxd3 Qe8 15. O-O Nd7 16. Re1 e6 17. Qc4 Kf7 18.
Qb3 Bd6 19. Ne4 Qe7 20. Ng5+ Kf8 21. Rxe6 Qd8 22. Rxd6 Qc7 23. Qf7# 1-0

[Event "Rapid Tournament (RAP)"]
[Site "Biel, Switzerland"]
[Date "2026.07.12"]
[Round "1.36"]
[White "Haefliger, Patrick"]
[Black "Fogo Esquivel, Levi Kalani Alexander"]
[Result "0-1"]
[TimeControl "15 + 5"]
[WhiteTitle "-"]
[BlackTitle "-"]
[WhiteFideId "1372777"]
[BlackFideId "5183189"]
[WhiteElo "1685"]
[BlackElo "2088"]

1. e4 e5 2. f4 exf4 3. Nf3 g5 4. Bc4 Nc6 5. h3 Bg7 6. c3 d6 7. d4 h6 8. Nbd2 Nf6 9. Nb3 Nxe4 10.
Bd5 Ng3 11. Rg1 Ne7 12. Bc4 O-O 13. Bd2 Nef5 14. Qc2 Re8+ 15. Kf2 Ne4+ 16. Ke1 Nxc3+ 17. Kf2 Ne4+ 18. Ke1 Nxd2+ 19. Kxd2 Ne3 20.
Qc3 Nxc4+ 21. Qxc4 Re3 22. Rac1 c6 23. Rge1 Qe7 24. Rc3 Rxe1 25. Nxe1 Be6 26. Qd3 Re8 27. Nf3 c5 28. Rc1 c4 29.
Rxc4 Bxc4 30. Qxc4 Qe3+ 31. Kd1 Qf2 32. Nbd2 Qxg2 33. Kc2 Qxh3 0-1

[Event "Rapid Tournament (RAP)"]
[Site "Biel, Switzerland"]
[Date "2026.07.12"]
[Round "1.37"]
[White "Xu, Chang(Cq)"]
[Black "Gast, Michael"]
[Result "1-0"]
[TimeControl "15 + 5"]
[WhiteTitle "-"]
[BlackTitle "-"]
[WhiteFideId "8641757"]
[BlackFideId "1373196"]
[WhiteElo "2082"]
[BlackElo "1682"]

1. e4 d6 2. d4 Nf6 3. Nc3 g6 4. Be3 Bg7 5. Qd2 O-O 6. O-O-O Ng4 7. Bg5 f6 8. Bf4 e5 9. dxe5 fxe5 10.
Bg5 Qe8 11. f3 Nf6 12. h4 Be6 13. Bh6 Rf7 14. Bxg7 Rxg7 15. g4 a6 16. Nge2 Nbd7 17. h5 Nb6 18. Ng3 Rd8 19. hxg6 Qxg6 20.
Rh6 Qf7 21. Bd3 Bc4 22. Nf5 Bxd3 23. cxd3 Rg6 24. Rxg6+ Qxg6 25. Ne7+ Kg7 26. Nxg6 hxg6 27. Rh1 Rg8 28. Qh6+ Kf7 29.
g5 Nh5 30. Rxh5 gxh5 31. Qxh5+ Kg7 32. g6 Rh8 33. Qf5 Rf8 34. Qe6 Rf6 35. Qe7+ Kxg6 36. Qxc7 d5 37. Qxe5 Nd7 38. Qg3+ Kf7 39.
Nxd5 Rg6 40. Qf4+ Kg7 41. e5 Nc5 42. Qd4 Rc6 43. e6+ Kf8 44. Qf6+ Kg8 45. Ne7+ 1-0

[Event "Rapid Tournament (RAP)"]
[Site "Biel, Switzerland"]
[Date "2026.07.12"]
[Round "1.38"]
[White "Jaggy, Enzo"]
[Black "Haugner, Jan"]
[Result "0-1"]
[TimeControl "15 + 5"]
[WhiteTitle "-"]
[BlackTitle "-"]
[WhiteFideId "1344919"]
[BlackFideId "24655244"]
[WhiteElo "1682"]
[BlackElo "2079"]

1. d4 d5 2. Nf3 e6 3. e3 Nf6 4. Bd3 b6 5. Nbd2 Bb7 6.
O-O Be7 7. Re1 Ne4 8. Ne5 O-O 9. Qf3 f6 10. Ng4 h5 11. Nxe4 hxg4 12. Qxg4 dxe4 13. Bxe4 f5 14. Bxb7 fxg4 15. Bxa8 c6 16. c4 Qd7 17. d5 exd5 18. cxd5 Qxd5 19.
b3 Na6 20. Bb7 Nc5 21. Ba3 Qf7 22. Bxc6 Qxf2+ 23. Kh1 Nd3 24. Bxe7 Nxe1 25. h3 g3 26. Bd5+ Kh8 27. Bc4 Qf1+ 28. Bxf1 Rxf1# 0-1

[Event "Rapid Tournament (RAP)"]
[Site "Biel, Switzerland"]
[Date "2026.07.12"]
[Round "1.39"]
[White "Ling, Chenxuan"]
[Black "Gheorghiu, Gabriel-Ion"]
[Result "1-0"]
[TimeControl "15 + 5"]
[WhiteTitle "-"]
[BlackTitle "-"]
[WhiteFideId "30983118"]
[BlackFideId "1248820"]
[WhiteElo "2077"]
[BlackElo "1679"]

1. Nf3 Nc6 2. d4 d5 3. e3 Nf6 4. Bd3 Bg4 5. h3 Bd7 6. O-O Ne4 7. Nbd2 Nxd2 8. Qxd2 g6 9. b3 Bg7 10. Bb2 O-O 11. c4 e6 12.
Rac1 Qe7 13. e4 Nb4 14. exd5 Nxd3 15. Qxd3 exd5 16. cxd5 Rac8 17. Ne5 Rfe8 18. Qc4 a6 19. a4 b5 20.
Qc2 Bf5 21. Qc6 bxa4 22. Qxa4 Qd6 23. Qc6 Red8 24. Rc5 Bf8 25. Qa4 Qb6 26. Rc6 Qb5 27. Rfc1 Qxa4 28. bxa4 Rxd5 29. Rxa6 c5 30.
g4 Be6 31. Rc6 Rxc6 32. Nxc6 cxd4 33. Nxd4 Bd7 34. Rc4 Ra5 35. Rc7 Bxa4 36. Rc8 Bd7 37. Rd8 Be6 38. Bc3 Rd5 39. Rb8 h5 40. Nxe6 fxe6 41. Bb4 hxg4 42. hxg4 Rg5 43. f3 e5 44. Rxf8+ Kg7 45. Be7 e4 46. Bxg5 Kxf8 47. fxe4 Kf7 48.
Kf2 Ke6 49. Ke3 1-0

[Event "Rapid Tournament (RAP)"]
[Site "Biel, Switzerland"]
[Date "2026.07.12"]
[Round "1.40"]
[White "Alves, Duarte"]
[Black "Piazza, Carlo"]
[Result "0-1"]
[TimeControl "15 + 5"]
[WhiteTitle "-"]
[BlackTitle "-"]
[WhiteFideId "1370910"]
[BlackFideId "809683"]
[WhiteElo "1673"]
[BlackElo "2076"]

1. e4 c5 2. Nf3 Nc6 3. Bc4 Nf6 4. d3 d5 5. exd5 Nxd5 6. O-O e6 7. d4 Nf6 8. Bg5 Nxd4 9. Nxd4 cxd4 10. c3 Bc5 11. Na3 O-O 12. Nc2 dxc3 13. bxc3 Qxd1 14. Raxd1 Ne4 15. Rd3 Nxg5 16. h4 Ne4 17. Ne3 b6 18. Ng4 Bb7 19. Ne5 Rad8
20. Rd7 Rxd7 21. Nxd7 Rd8 22. Nxc5 Nxc5 23. h5 Rd2 24. a3 Kf8 25. g4 h6 26. Re1 Ke7 27. Re5 Ne4 28. g5 Nxg5 29. f4 Nf3+ 30. Kf1 Nxe5 0-1

[Event "Rapid Tournament (RAP)"]
[Site "Biel, Switzerland"]
[Date "2026.07.12"]
[Round "1.41"]
[White "Tkhoruk, Roman"]
[Black "Creux, Francois"]
[Result "1/2-1/2"]
[TimeControl "15 + 5"]
[WhiteTitle "-"]
[BlackTitle "-"]
[WhiteFideId "34161589"]
[BlackFideId "1357743"]
[WhiteElo "2076"]
[BlackElo "1668"]

1. e4 c5 2. Nf3 d6 3. Bb5+ Bd7 4. a4 a6 5. Bxd7+ Qxd7 6. O-O Nc6 7. d4 cxd4 8. Nxd4 Nf6 9.
Nc3 g6 10. f3 Bg7 11. Be3 O-O 12. Nd5 Nxd5 13. exd5 Ne5 14. b3 Rac8 15. h3 Qc7 16. c4 Nd7 17. Rc1 Nc5 18. Qc2 Qd8 19.
f4 Nd7 20. Nf3 Nf6 21. f5 Nxd5 22. Bd2 Qb6+ 23. Kh1 Ne3 24. Bxe3 Qxe3 25. fxg6 hxg6 26. Rce1 Qc5 27. Qe4 Rc7 28. Rd1 Qc6 29. Qe3 Qc5 30.
Qe4 Qb4 31. Rd3 b5 32. axb5 axb5 33. Ng5 Bf6 34. Nf3 bxc4 35. Nd2 Bc3 36. Nxc4 Qxb3 37. Ne3 Qb4 38. Qf3 Bf6 39. Nd5 Qa5 40.
Nxf6+ exf6 41. Qxf6 Qe5 42. Qxd6 Qxd6 43. Rxd6 Rfc8 44. Rdf6 Kg7 45. g3 Rb8 46. h4 Rb2 47. Kg1 Re7 48.
R6f3 Rbe2 49. R1f2 Rxf2 50. Rxf2 f5 51. Kg2 Re3 52.
Rf4 Kh6 53. Ra4 Rb3 54. Kh3 Rc3 55. Rf4 Kh5 56. Rd4 Kh6 57. Kg2 Kh5 58. Rd7 Kh6 59. Rf7 Rd3 60. Kh3 Re3 61. Rf8 Kg7 62.
Ra8 Rc3 63. Ra6 Rd3 64. Kg2 Rb3 65. Kf2 Kh6 66. Rf6 Kh5 67. Re6 Rc3 68. Rd6 Rb3 69. Kg2 Rc3 70. Rf6 Rb3 71. Kh3 Rc3 72.
Rf8 Kh6 73. Rf7 Rd3 74. Re7 Rb3 75. Ra7 Rc3 76. Rb7 Rd3 77. Rc7 Re3 78. Rd7 Rc3 1/2-1/2

[Event "Rapid Tournament (RAP)"]
[Site "Biel, Switzerland"]
[Date "2026.07.12"]
[Round "1.42"]
[White "Knuesel, Jolan"]
[Black "Hornung, Hans"]
[Result "1-0"]
[TimeControl "15 + 5"]
[WhiteTitle "-"]
[BlackTitle "-"]
[WhiteFideId "1364529"]
[BlackFideId "4615140"]
[WhiteElo "1651"]
[BlackElo "2040"]

1. d4 Nf6 2. Bf4 b6 3. e3 Bb7 4.
Nf3 g6 5. Be2 Bg7 6. O-O O-O 7. h3 d6 8. c3 e6 9. Nbd2 Qe7 10. a4 a5 11. b4 Nd5 12. Qb3 Nxf4 13. exf4 Nd7 14.
g3 Nf6 15. bxa5 Rxa5 16. Nc4 Rh5 17. Ng5 h6 18. Bxh5 Nxh5 19. Nxf7 Rxf7 20. a5 Bd5 21. axb6 cxb6 22. Qb5 Nxf4 23.
Ne3 Nxh3+ 24. Kh2 Nf4 25. Qxb6 Qg5 26. Nxd5 Qh5+ 27. Kg1 Ne2+ 28. Kg2 Qf3+ 29. Kh2 Qxd5 30. Qd8+ Kh7 31. Ra5 Qf3 32.
Qh4 Nxc3 33. Ra3 Rf5 34. g4 Rf4 35. Qg3 Bxd4 36. Qxf3 Rxf3 37. Kg2 Rd3 38. Ra7+ Bg7 39. Ra3 Rd5 40.
Rc1 Rg5 41. f3 Rc5 42. Ra7 g5 43. Ra6 Be5 44. Ra7+ Kg6 45. Ra6 Rb5 46. Ra3 Rb2+ 47. Kf1 Nd5 48. Rd3 Bf4 49. Ra1 Ne3+ 50.
Kg1 1-0

[Event "Rapid Tournament (RAP)"]
[Site "Biel, Switzerland"]
[Date "2026.07.12"]
[Round "1.43"]
[White "De Gregorio, Alexis"]
[Black "Amsellem, Daniel"]
[Result "1/2-1/2"]
[TimeControl "15 + 5"]
[WhiteTitle "-"]
[BlackTitle "-"]
[WhiteFideId "1310054"]
[BlackFideId "1363522"]
[WhiteElo "2030"]
[BlackElo "1650"]

1. e4 e5 2. Nf3 Nf6 3. Nxe5 d6 4. Nf3 Nxe4 5. Nc3 Nf6 6. d4 Be7 7. Bd3 O-O 8. O-O Nbd7 9. Bf4 Re8 10.
h3 Nf8 11. Re1 c6 12. Qd2 Be6 13. Ng5 Qd7 14. Nxe6 Nxe6 15. Bg3 d5 16. a3 Bd6 17. Bh4 Bf4 18. Qd1 Bg5 19. Bg3 Nf8 20.
Qf3 Rxe1+ 21. Rxe1 Re8 22. Re5 Rxe5 23. Bxe5 Ng6 24. Bxg6 hxg6 25. Nd1 Qf5 26. Qxf5 gxf5 27. Ne3 Bxe3 28.
fxe3 Ne4 29. b3 g6 30. Kf1 Kf8 31. Ke2 Ke7 32. Kd3 Nf2+ 33. Ke2 Ne4 34. Kd3 Nf2+ 35. Ke2 Ne4 1/2-1/2

[Event "Rapid Tournament (RAP)"]
[Site "Biel, Switzerland"]
[Date "2026.07.12"]
[Round "1.44"]
[White "Huang, Hsuan-Chen"]
[Black "Sadeghi, Hassan Roger"]
[Result "0-1"]
[TimeControl "15 + 5"]
[WhiteTitle "-"]
[BlackTitle "-"]
[WhiteFideId "16303121"]
[BlackFideId "1304712"]
[WhiteElo "1648"]
[BlackElo "2028"]

1. d4 Nf6 2. Nf3 c5 3. e3 e6 4. Bd3 b6 5. O-O Bb7 6. Nbd2 Be7 7. Qe2 Nc6 8. c3 Nd5 9. Ne4 f5 10. Ng3 O-O 11. dxc5 bxc5 12. e4 fxe4 13.
Qxe4 g6 14. Bh6 Rf7 15. h3 Nf6 16. Qe2 Bf8 17.
Bg5 Qc7 18. Bxf6 Rxf6 19. Ne4 Rf4 20.
g3 Rf7 21. Nfg5 Rf5 22. g4 Rf4 23. Ng3 Ne5 24. Be4 Bg7 25. Qe3 Raf8 26. f3 h6 27. Bxb7 Qxb7 28. N5e4 Nxf3+ 29. Kg2 Qxb2+ 30. Nf2 Nh4+ 31. Kg1 Rf3 0-1

[Event "Rapid Tournament (RAP)"]
[Site "Biel, Switzerland"]
[Date "2026.07.12"]
[Round "1.45"]
[White "Labrovic, Jakov"]
[Black "Gheorghiu, Alexandru"]
[Result "1-0"]
[TimeControl "15 + 5"]
[WhiteTitle "-"]
[BlackTitle "-"]
[WhiteFideId "14549786"]
[BlackFideId "1363573"]
[WhiteElo "2005"]
[BlackElo "1647"]

1. e4 c6 2. d4 d5 3. exd5 cxd5 4. Nf3 Nc6 5. Ne5 Nf6 6. Bb5 Bd7 7. Nxd7 Qxd7 8. c3 e6 9. O-O Bd6 10.
Nd2 O-O 11. Nf3 Qc7 12. h3 Ne7 13. Bg5 Ng6 14. Bxf6 gxf6 15. Bd3 f5 16. Re1 Rac8 17. Qd2 Bf4 18. Qc2 Qd7 19. g3 Bh6 20. Re2 b5 21. a3 a5 22. Qb3 Rb8 23. Rd1 Rb7 24. Ne5 Nxe5 25. dxe5 Rfb8 26. f4 Bf8 27. Qc2 b4 28. axb4 axb4 29. c4 b3 30. Qb1 Rd8 31. Ree1 Qc6 32. Bf1 Bc5+ 33. Kh2 d4 34. Bg2 Qb6 35. Bxb7 Qxb7 36. Qd3 Bb4 37. Rg1 Qe4 38. Qxb3 Be7 39. Rge1 Qc6 40. Qd3 Qb6 41. b3 Bb4 42. Rg1 Bc3 43. g4 Qxb3 44. gxf5+ Kf8 45. f6 Qb2+ 46. Rg2 Qb6 47.
Qxh7 1-0

[Event "Rapid Tournament (RAP)"]
[Site "Biel, Switzerland"]
[Date "2026.07.12"]
[Round "1.46"]
[White "Gutzwiller, Darian"]
[Black "Arntz, Christoph"]
[Result "0-1"]
[TimeControl "15 + 5"]
[WhiteTitle "-"]
[BlackTitle "-"]
[WhiteFideId "579000304"]
[BlackFideId "16257723"]
[WhiteElo "1633"]
[BlackElo "1999"]

1. d4 Nf6 2. c4 e6 3. Nf3 d5 4. g3 c6 5. Bg2 Bb4+ 6. Bd2 Be7 7. O-O O-O 8. Nc3 Nbd7 9. a3 Ne4 10.
Nxe4 dxe4 11. Ne5 f5 12. Bf4 Bf6 13. Qd2 g5 14. Nxd7 Bxd7 15. Be3 Qe7 16. f3 exf3 17. Bxf3 Rad8 18.
Rad1 h6 19. Qd3 Qg7 20. Bf2 Be8 21.
e3 Bg6 22. Rfe1 e5 23. d5 e4 24. Qe2 exf3 25. Qxf3 cxd5 26. Rxd5 Rxd5 27. Qxd5+ Qf7 28. Qxf7+ Kxf7 29. b4 a6 30.
Rd1 Rd8 31. Rc1 Bb2 32. Rb1 Bxa3 33. b5 axb5 34. Rxb5 Rd7 35. Ra5 Bd6 36. Be1 Bc7 37. Rb5 Bd8 38. Bc3 Bf6 39. Bb4 Rc7 40.
c5 Kg7 41. Ra5 Be8 42. Ra7 Bc6 43. Kf2 Rd7 44. h4 gxh4 45. gxh4 Bxh4+ 46. Ke2 Re7 47. Bc3+ Bf6 48. Bxf6+ Kxf6 49. Kd3 Rd7+ 50. Ke2 h5 51.
Ra1 h4 52. Rh1 Bxh1 53. Kf2 h3 54. Kg1 Bg2 55. Kh2 Rc7 56. Kg3 Rxc5 57. Kh2 b5 58. Kg3 Rc3 59. Kh2 b4 60. Kg3 b3 61. Kh2 b2 62. e4 f4 63. e5+ Kf5 64. e6 b1=Q 65. e7 Qh1#
0-1

[Event "Rapid Tournament (RAP)"]
[Site "Biel, Switzerland"]
[Date "2026.07.12"]
[Round "1.47"]
[White "Javet, Blaise"]
[Black "Guidi, Elia"]
[Result "1-0"]
[TimeControl "15 + 5"]
[WhiteTitle "-"]
[BlackTitle "-"]
[WhiteFideId "1305026"]
[BlackFideId "1351931"]
[WhiteElo "1980"]
[BlackElo "1627"]

1. Nf3 Nf6 2. g3 d5 3. d4 Bg4 4. Bg2 e6 5. O-O Be7 6. c4 c6 7. Qb3 Qb6 8. c5 Qxb3 9. axb3 O-O 10.
b4 Na6 11. Ra4 Rfe8 12. Re1 Bf8 13. Nc3 Bxf3 14. exf3 g6 15. Bf4 Nh5 16. Bd2 Nc7 17. g4 Nf6 18. Bf4 Re7 19. Bxc7 Rxc7 20.
b5 Rcc8 21. Rea1 cxb5 22. Rxa7 Rxa7 23. Rxa7 b4 24. Na4 Rc7 25. Bf1 Nd7 26. f4 Bg7 27. Bb5 Nb8 28. Ra8 Rc8 29. Nb6 Rf8 30.
Ra7 Bxd4 31. Na4 Na6 32. Bxa6 bxa6 33. Rxa6 Rc8 34. c6 Rc7 35. b3 Kf8 36. Kf1 Ke7 37. Ke2 Kd6 38. f3 Rxc6 39. Ra8 Rc2+ 40. Kd3 Rc3+ 41. Nxc3 Bxc3 42. Ra7 e5 43.
Rxf7 exf4 44. Rxh7 Ke6 45. Rc7 d4 46. h4 Kf6 47. Rc6+ Kg7 48. Ke4 Kf7 49. h5 gxh5 50. gxh5 Kg7 51. Rd6 Kh7 52. Kxf4 Kg7 53.
Kf5 Kh7 54. Ke4 Kg7 55. Rxd4 1-0

[Event "Rapid Tournament (RAP)"]
[Site "Biel, Switzerland"]
[Date "2026.07.12"]
[Round "1.48"]
[White "Sudarsandhari Shibani, Willson"]
[Black "Liengme, Samuel"]
[Result "0-1"]
[TimeControl "15 + 5"]
[WhiteTitle "-"]
[BlackTitle "-"]
[WhiteFideId "1364553"]
[BlackFideId "1368141"]
[WhiteElo "1620"]
[BlackElo "1967"]

1. e4 c6 2. d4 d5 3. Nc3 dxe4 4. Nxe4 Nf6 5. Nxf6+ exf6 6. Nf3 Bd6 7. Bc4 O-O 8. O-O Bg4 9. c3 Re8 10. Be3 Qc7 11. g3 Nd7 12. Be2 Rad8 13. Qd3 Nf8 14. Bd1 c5 15. Bc2 Bxf3 16. Qf5 Qc6 17. Rae1 Bg2 18. Bf4 Bxf1 19. Rxf1 Bxf4 20. Qxf4 cxd4 21. cxd4 Qxc2 22. h4 Qxb2 23. h5 Rxd4 24. Qc7 Rd7 25. Qf4 Qxa2 26. h6 Ng6 27. Qg4 Qe6 28. Qa4 Rd5 29. hxg7 Rh5 30. f4 Qe2 31. Rf2 Qe1+ 32. Kg2 Rh2+ 33. Kxh2 Qxf2+ 34. Kh3 Nxf4+ 35. Kg4 h5+
36. Kf5 Re5+ 0-1

[Event "Rapid Tournament (RAP)"]
[Site "Biel, Switzerland"]
[Date "2026.07.12"]
[Round "1.49"]
[White "Egli, Urs"]
[Black "Gunzinger, Severin"]
[Result "1/2-1/2"]
[TimeControl "15 + 5"]
[WhiteTitle "-"]
[BlackTitle "-"]
[WhiteFideId "1306685"]
[BlackFideId "1362518"]
[WhiteElo "1964"]
[BlackElo "1607"]

1. g3 d5 2. Bg2 c5 3.
c4 Nf6 4. cxd5 Nxd5 5. Nc3 Nxc3 6. bxc3 g6 7. Nf3 Bg7 8. O-O O-O 9. d4 cxd4 10. cxd4 Nc6 11. e3 Bf5 12. Qb3 Qd7 13.
Ba3 Rac8 14. Rac1 Rc7 15. d5 Ne5 16. Nd4 Rxc1 17. Rxc1 Bh3 18. d6 exd6 19. Qxb7 Qxb7 20. Bxb7 Rd8 21.
Rc7 Bf8 22. f4 Rd7 23. Rxd7 Nxd7 24. Nc6 Be6 25. Nxa7 Bxa2 26. Nb5 Nc5 27. Bf3 f5 28. Nc3 Be6 29. Bd5 Bxd5 30. Nxd5 Ne4 31. Kf1 Kf7 32. Ke2 Ke6 33.
Nc7+ Kd7 34. Nb5 Kc6 35. Nd4+ Kd5 36. Nf3 Bg7 37. Nd2 Nxd2 38. Kxd2 Ke6 39. Kd3 d5 40. Bc5 Bf6 41. Bd4 Be7 42.
Bb2 Bb4 43. Bc3 Ba3 44. Bd2 Kd6 45. Bc3 Kc5 46. Bg7 Bc1 47. Bf8+ Kc6 48. Bb4 Kb5 49. Bd6 Bb2 50. Be7 Kc6 51.
Bb4 1/2-1/2

[Event "Rapid Tournament (RAP)"]
[Site "Biel, Switzerland"]
[Date "2026.07.12"]
[Round "1.50"]
[White "Mury, Marie"]
[Black "Alexakis, Dimitrios"]
[Result "0-1"]
[TimeControl "15 + 5"]
[WhiteTitle "-"]
[BlackTitle "-"]
[WhiteFideId "576035050"]
[BlackFideId "4200527"]
[WhiteElo "1603"]
[BlackElo "1954"]

1. e4 c5 2. c3 Nf6 3. e5 Nd5 4. d4 cxd4 5. cxd4 e6 6. Nc3 Nxc3 7. bxc3 d6 8. Nf3 Nc6 9. Bd3 Be7 10.
O-O dxe5 11. Nxe5 Nxe5 12. dxe5 O-O 13. Qf3 Rb8 14. Rd1 Qa5 15. a4 b5 16. Bd2 bxa4 17. Qe4 g6 18. Rxa4 Qc7 19. Rc4 Qa5 20. Bh6 Rd8 21.
h3 Bb7 22. Qf4 Bd5 23. Ra4 Qc7 24. c4 Bxg2 25. f3 Bxh3 26. Ra2 Bf5 27. Rh2 Qc5+ 28. Kg2 Rb2+ 29. Rd2 Rxd2+ 30. Qxd2 Rxd3 31.
Qe1 Qc6 32. Qg3 Rxf3 33. Qxf3 Be4 0-1

[Event "Rapid Tournament (RAP)"]
[Site "Biel, Switzerland"]
[Date "2026.07.12"]
[Round "1.51"]
[White "Laub, Patrick"]
[Black "Hajduk, Mariia"]
[Result "1-0"]
[TimeControl "15 + 5"]
[WhiteTitle "-"]
[BlackTitle "-"]
[WhiteFideId "1302566"]
[BlackFideId "1368559"]
[WhiteElo "1949"]
[BlackElo "1602"]

1. e4 e5 2. Nc3 Nf6 3. d4 d6 4.
dxe5 dxe5 5. Qxd8+ Kxd8 6. Bg5 Be6 7. O-O-O+ Bd6 8. Nf3 Nc6 9. Kb1 Ke7 10. Nd5+ Bxd5 11. exd5 Nd8 12. Bc4 Re8 13.
Rhe1 Kf8 14. Bb5 Re7 15. Nh4 h6 16. Bxf6 gxf6 17. Nf5 a6 18. Nxe7 axb5 19. Nf5 Bc5 20. f3 h5 21. Re4 Ke8 22.
Rh4 Kd7 23. Rxh5 c6 24. dxc6+ Kxc6 25. Rh8 Kc7 26. h4 Rc8 27. h5 Ne6 28. Rxc8+ Kxc8 29. h6 Ng5 30. Rd5 Bf8 31. Rxb5 Kc7 32.
Ra5 Bb4 33. Ra8 e4 34. fxe4 Kd7 35. Rg8 Ke6 36. Rxg5 fxg5 37. h7 Bc5 38. h8=Q f6 39. Qe8+ 1-0

[Event "Rapid Tournament (RAP)"]
[Site "Biel, Switzerland"]
[Date "2026.07.12"]
[Round "1.52"]
[White "Thomas, Vitus"]
[Black "Schwab, Felix"]
[Result "0-1"]
[TimeControl "15 + 5"]
[WhiteTitle "-"]
[BlackTitle "-"]
[WhiteFideId "1370790"]
[BlackFideId "1311450"]
[WhiteElo "1600"]
[BlackElo "1945"]

1. e4 e5 2. Nf3 Nc6 3. Bc4 Nf6 4. Ng5 d5 5. exd5 Na5 6. Bb5+ c6 7. dxc6 bxc6 8. Qf3 cxb5 9. Qxa8 Qc7 10.
Qf3 Bb7 11. Qd3 Bxg2 12. Rg1 Bc6 13. Nc3 Qb7 14. b3 Bc5 15. Qe2 O-O 16. a3 Bd4 17. Bb2 h6 18. Nh3 Bf3 19. Qd3 Rd8 20.
Qf5 Bg2 21. O-O-O Rc8 22. Nxb5 Nxb3+ 23. Kb1 Qxb5 24. Qxc8+ Ne8 25. cxb3 Be4+ 26. Ka2 Bd5 27. Qc2 a5 28. Bxd4 exd4 29. a4 Qxa4+ 30. Kb2 Qb5 0-1

[Event "Rapid Tournament (RAP)"]
[Site "Biel, Switzerland"]
[Date "2026.07.12"]
[Round "1.53"]
[White "Tcheau, Alain"]
[Black "Pryimak, Natalya"]
[Result "1-0"]
[TimeControl "15 + 5"]
[WhiteTitle "-"]
[BlackTitle "-"]
[WhiteFideId "1306014"]
[BlackFideId "14125650"]
[WhiteElo "1932"]
[BlackElo "1595"]

1. h3 c6 2. c3 d5 3. d4 Bf5 4. Bf4 h6 5. e3 Nf6 6. Bd3 Bxd3 7. Qxd3 Nbd7 8. Nf3 e6 9. Nbd2 a6 10.
Bg3 c5 11. O-O Qb6 12. b3 Bd6 13. Bxd6 Qxd6 14. Rfe1 O-O 15. e4 dxe4 16. Nxe4 Qb6 17. dxc5 Nxc5 18. Nxc5 Qxc5 19. Qe3 Rac8 20.
c4 Qxe3 21. Rxe3 Rfd8 22. Kf1 Rc5 23. Ke2 Kf8 24. Rd3 Rdc8 25. Rad1 Ke7 26. g3 b5 27. Nd2 bxc4 28. Nxc4 Nd5 29.
h4 h5 30. f4 R8c7 31. R1d2 f6 32. Kf3 a5 33. Re2 a4 34. Ne3 axb3 35. Nxd5+ Rxd5 36. Rxd5 Rc3+ 37. Kf2 1-0

[Event "Rapid Tournament (RAP)"]
[Site "Biel, Switzerland"]
[Date "2026.07.12"]
[Round "1.54"]
[White "Cousin, Ismael"]
[Black "Hashem, Khaled"]
[Result "0-1"]
[TimeControl "15 + 5"]
[WhiteTitle "-"]
[BlackTitle "-"]
[WhiteFideId "1364561"]
[BlackFideId "10300201"]
[WhiteElo "1588"]
[BlackElo "1926"]

1. e4 e5 2. Nf3 Nc6 3.
Bb5 Nge7 4. O-O g6 5. c3 Bg7 6. d4 exd4 7. cxd4 d5 8. e5 h6 9. Nc3 O-O 10.
Re1 Bg4 11. Qd3 Bxf3 12. gxf3 a6 13. Ba4 Nf5 14. Ne2 Qh4 15. Bxc6 bxc6 16. Nf4 g5 17. Qxf5 gxf4 18. Qxf4 Qh3 19.
Kh1 Rae8 20. Rg1 Kh7 21. Qg4 Qxg4 22. fxg4 f6 23. f4 fxe5 24. fxe5 c5 25. dxc5 Rxe5 26. Bf4 Rxf4 0-1

[Event "Rapid Tournament (RAP)"]
[Site "Biel, Switzerland"]
[Date "2026.07.12"]
[Round "2.1"]
[White "Arntz, Christoph"]
[Black "Amonatov, Farrukh"]
[Result "0-1"]
[TimeControl "15 + 5"]
[WhiteTitle "-"]
[BlackTitle "-"]
[WhiteFideId "16257723"]
[BlackFideId "14700077"]
[WhiteElo "1999"]
[BlackElo "2593"]

1. f4 d5 2. Nf3 Nf6 3.
e3 Bg4 4. Be2 c6 5. O-O Nbd7 6. h3 Bxf3 7. Bxf3 e5 8. fxe5 Nxe5 9. d4 Nxf3+ 10. Qxf3 Bd6 11. Nd2 Qe7 12. c4 O-O 13.
Re1 Rfe8 14. c5 Bc7 15. Nf1 Ne4 16. Nd2 Ba5 17. Qe2 Bxd2 18. Bxd2 Qg5 19. Rad1 Re6 20. Bc1 Rae8 21. Qc2 Rh6 22.
Kh1 Qg6 23. Qb3 Qg3 24. Re2 Ree6 25. Qxb7 Rxh3+ 0-1

[Event "Rapid Tournament (RAP)"]
[Site "Biel, Switzerland"]
[Date "2026.07.12"]
[Round "2.2"]
[White "Kozak, Adam"]
[Black "Labrovic, Jakov"]
[Result "1-0"]
[TimeControl "15 + 5"]
[WhiteTitle "-"]
[BlackTitle "-"]
[WhiteFideId "753246"]
[BlackFideId "14549786"]
[WhiteElo "2592"]
[BlackElo "2005"]

1. d4 Nf6 2. c4 Nc6 3. Nf3 e6 4. g3 Bb4+ 5. Bd2 Qe7 6. Bg2 Ne4 7. O-O f5 8. Bxb4 Qxb4 9. Qc2 O-O 10.
a3 Qe7 11. Nc3 Nxc3 12. Qxc3 d6 13. b4 e5 14. dxe5 Nxe5 15. c5 Nxf3+ 16. Bxf3 dxc5 17. bxc5 c6 18. Rfd1 Be6 19. Rd6 Rad8 20.
Rad1 Rxd6 21. cxd6 Qf7 22. Qc5 a6 23. a4 Rd8 24. a5 Rd7 25. Rd3 f4 26. Rd4 fxg3 27. hxg3 Qf5 28. Qxf5 Bxf5 29.
e4 Be6 30. e5 g5 31. Be2 Kf7 32. f4 Kg6 33. Bd3+ Kg7 34. f5 Bd5 35. g4 Rd8 36. Bc2 Re8 37. e6 Kf6 38. e7 Rh8 39.
Rxd5 cxd5 40. Ba4 Kf7 41. Kf2 Rc8 42. Ke3 h6 43. Kd3 h5 44. gxh5 g4 45. e8=Q+ Rxe8 46. Bxe8+ Kxe8 47. h6 1-0